 Dungeon Crawl Stone Soup version 0.28.0-1-gb440e238dd (webtiles) character file.

Game seed: 16698220245241802370

102 fknight the Chopper (level 4, -6/41 HPs)
             Began as a Hill Orc Monk on Feb 21, 2022.
             Mangled by an ice beast (7 damage)
             ... on level 3 of the Dungeon.
             The game lasted 00:04:01 (1504 turns).

fknight the Chopper (Hill Orc Monk)                 Turns: 1504, Time: 00:04:01

Health: -6/41      AC:  3    Str: 15    XL:     4   Next: 78%
Magic:  4/4        EV: 12    Int: 10    God:
Gold:   19         SH:  0    Dex: 13    Spells: 3/3 levels left

rFire   . . .      SeeInvis .   k - +2 dagger (venom)
rCold   . . .      Faith    .   (no shield)
rNeg    . . .      Spirit   .   b - +0 robe
rPois   .          Reflect  .   (no helmet)
rElec   .          Harm     .   f - +0 cloak
rCorr   .          Rampage  .   (no gloves)
Will    .....                   (no boots)
Stlth   ++........              (no amulet)
HPRegen 0.13/turn               (no ring)
MPRegen 0.09/turn               (no ring)

@: no status effects
A: no potion heal 1
a: no special abilities


You were on level 3 of the Dungeon.
You visited 1 branch of the dungeon, and saw 4 of its levels.

You collected 19 gold pieces.

Inventory:

Hand Weapons
 a - a +0 hand axe
 k - a +2 dagger of venom (weapon)
Missiles
 c - 53 stones (quivered)
 d - 5 datura-tipped darts
Armour
 b - a +0 robe (worn)
 f - a +0 cloak (worn)
Potions
 j - a potion of magic


   Skills:
 + Level 4.6 Fighting
 + Level 0.4 Short Blades
 + Level 5.2 Axes
 + Level 0.7 Throwing
 + Level 2.8 Dodging
 + Level 1.8 Stealth


You had 3 spell levels left.
You didn't know any spells.
Your spell library contained the following spells:

 Spells                   Type           Power      Damage    Failure   Level
 Corpse Rot               Necr/Air       0%         N/A       50%         2
 Poisonous Vapours        Pois/Air       0%         N/A       50%         2


Dungeon Overview and Level Annotations

Branches:
Dungeon (4/15)
 Temple: D:4-7

Altars:


Innate Abilities, Weirdness & Mutations

Potions are less effective at restoring your health.


Message History

The goblin is heavily wounded.
You kill the goblin!
You hit the endoplasm.
The endoplasm is almost dead.
You barely miss the endoplasm.
The endoplasm is almost dead.
The endoplasm barely misses you.
You hit the endoplasm.
You kill the endoplasm!
You hit the ice beast but do no damage. The ice beast closely misses you.
You hit the ice beast but do no damage.
The ice beast is poisoned.
The ice beast hits you but does no damage.
You hit the ice beast but do no damage.
The ice beast is lightly wounded.
The ice beast hits you. The ice beast freezes you!
You hit the ice beast but do no damage.
The ice beast is lightly wounded.
The ice beast misses you.
You hit the ice beast.
The ice beast is lightly wounded.
The ice beast hits you. The ice beast freezes you.
You hit the ice beast but do no damage.
The ice beast is lightly wounded.
The ice beast barely misses you.
You hit the ice beast.
The ice beast is moderately wounded.
The ice beast hits you but does no damage.
You closely miss the ice beast.
The ice beast is moderately wounded.
The ice beast closely misses you.
You hit the ice beast but do no damage.
The ice beast is moderately wounded.
The ice beast hits you. The ice beast freezes you!
* * * LOW HITPOINT WARNING * * *
You hit the ice beast but do no damage.
The ice beast looks even sicker.
The ice beast is moderately wounded.
The ice beast hits you.
* * * LOW HITPOINT WARNING * * *
The ice beast freezes you!
You die...

#....#.# #..#.#.#
#....... #....#.#
#....#Y#
..##....#'## #
.......>...# .#
.###.......####..#
............Y@...#
###.........###.##
#.........# #
..$........#
####........#
#........#
#........#
#........#


You could see an ice beast (very poisoned).

Vanquished Creatures
  A scorpion (D:4)
  3 dart slugs (D:1)
  5 endoplasms
  3 goblins
  A hobgoblin (D:1)
  7 jackals
  A quokka (D:3)
  5 ball pythons
  A bat (D:1)
  A frilled lizard (D:1)
  4 kobolds
  4 rats (D:1)
36 creatures vanquished.

Notes
Turn   | Place    | Note
-------+----------+-------------------------------------------
     0 | D:1      | fknight the Hill Orc Monk began the quest for the Orb.
     0 | D:1      | Reached XP level 1. HP: 19/19 MP: 1/1
   410 | D:1      | Reached XP level 2. HP: 27/27 MP: 2/2
   937 | D:1      | Reached XP level 3. HP: 31/33 MP: 3/3
  1353 | D:2      | Found a faded altar of an unknown god.
  1382 | D:2      | Gained mutation: Potions are less effective at restoring
                  | your health. [potion of mutation]
  1438 | D:2      | You fall into a shaft and drop 2 floors!
  1438 | D:4      | Noticed a scorpion
  1452 | D:4      | Killed a scorpion
  1453 | D:4      | Reached skill level 5 in Axes
  1453 | D:4      | Reached XP level 4. HP: 37/41 MP: 4/4
  1468 | D:3      | Noticed an ice beast
  1503 | D:3      | HP: 2/41 [ice beast (12)]
  1504 | D:3      | Mangled by an ice beast

Illustrated notes

Levels and vault maps discovered:
D:1:      dpeg_arrival_circle_labyrinth_c, layout_basic
D:2:      layout_basic, basic_ecumenical_altar, feat_on_display
D:3:      layout_basic, minmay_randomly_rotated_circles
D:4:      layout_loops_ring, chequers_temple_overflow_minitemple,
          minmay_temple_entry_water_ring, uniq_menkaure

Skill      XL: |  1  2  3 |
---------------+----------+-----
Fighting       | 4 |  4.6
Axes           | 5 |  5.2
Short Blades   | |  0.4
Throwing       | |  0.7
Dodging        | |  2.8
Stealth        | |  1.8

Action                   |  1- 3 |  4- 6 || total
-------------------------+-------+-------++-------
Melee: Hand axe          |    74 |       ||    74
       Punch             |     1 |     1 ||     2
       Dagger            |    22 |    31 ||    53
Throw: Stone             |    12 |       ||    12
  Use: Scroll            |     3 |       ||     3
       Potion            |     3 |       ||     3
 Stab: Sleeping          |     1 |       ||     1
Armor: Robe              |    23 |    12 ||    35
Dodge: Dodged            |    63 |    22 ||    85
